 Dungeon Crawl Stone Soup version 0.30.0-29-ga12c61a403 (webtiles) character file.

Game seed: 7327372878815869962

551 Chiseanne the Covert (level 7, 0/46 (50) HPs)
             Began as an Octopode Delver on June 25, 2023.
             Slain by Joseph
             ... wielding a +2 quarterstaff of draining
              (3 damage)
             ... on level 7 of the Dungeon.
             The game lasted 00:15:53 (1500 turns).

Chiseanne the Covert (Octopode Delver)              Turns: 1500, Time: 00:15:54

HP:   0/46 (50)     AC:  1    Str: 13    XL:     7   Next: 29%
MP:   7/7           EV: 15    Int: 14    God:
Gold: 130           SH:  0    Dex: 16    Spells: 6/6 levels left

rFire   . . .        a - +7 hand axe of Pestilence {elec, rC+ Int+2 Dex+2}
rCold   + + .        (no shield)
rNeg    . . .        (helmet restricted)
rPois   .            (no amulet)
rElec   .            j - ring of protection from cold
rCorr   .            (no ring)
SInv    .            (no ring)
Will    .....        (no ring)
Stlth   +++++        (no ring)
HPRegen 0.27/turn    (no ring)
MPRegen 0.10/turn    (no ring)
                     (no ring)

%: no passive effects
@: mighty, drained
A: almost no armour, amphibious, 8 rings, camouflage 1, gelatinous body 1,
(nimble swimmer 1), tentacles
a: no special abilities


You were on level 7 of the Dungeon.
You visited 1 branch of the dungeon, and saw 5 of its levels.

You collected 130 gold pieces.

Inventory:

Hand Weapons
 a - the +7 hand axe of Pestilence (weapon) {elec, rC+ Int+2 Dex+2}
   (You found it on level 5 of the Dungeon)

   Int:       It affects your intelligence (+2).
   Dex:       It affects your dexterity (+2).
   rC:        It protects you from cold.
 g - a +0 dagger of venom
 q - a +4 short sword of electrocution
Missiles
 e - 8 boomerangs
 n - 7 poisoned darts (quivered)
 p - 14 stones
Magical Staves
 h - a staff of poison
 i - a staff of earth
Jewellery
 j - a ring of protection from cold (left tentacle)
Wands
 f - a wand of digging (3)
 m - a wand of acid (7)
Scrolls
 b - a scroll of fog
 c - 2 scrolls of magic mapping
 d - a scroll of fear
 k - a scroll of identify
 l - a scroll of immolation
 r - 2 scrolls of teleportation
Potions
 t - 2 potions of curing


   Skills:
 * Level 5.2 Fighting
 - Level 2.0 Short Blades
 * Level 4.7 Dodging
 * Level 9.1 Stealth


You had 6 spell levels left.
You didn't know any spells.
Your spell library contained the following spells:

 Spells                   Type           Power      Damage    Failure   Level
 Vhi's Electric Charge    Tloc/Air       0%         N/A       65%         3
 Arcjolt                  Conj/Air       0%         1d10      100%        5
 Plasma Beam              Fire/Air       0%         2x1d11    100%        6


Dungeon Overview and Level Annotations

Branches:
Dungeon (7/15)
 Temple: D:4-7

Altars:

Annotations:
D:7 Joseph


Innate Abilities, Weirdness & Mutations

You cannot wear most types of armour.
You are amphibious.
You can wear up to eight rings at the same time.
Your skin changes colour to match your surroundings (Stealth+).
Your rubbery body absorbs attacks. (AC +1, EV +1)
((You are camouflaged when in or above water. (Stealth+)))
You have tentacles for arms and can constrict up to eight enemies at once.


Message History

Joseph wields a +0 sling.
Joseph shoots a sling bullet.
The sling bullet misses you.
Okay, then.
Aiming: Corrosive Bolt
Press: ? - help, Shift-Dir - straight line, f - Joseph
Aim: Joseph, wielding a +0 sling and wearing a +0 leather armour (unusually resistant, 71% to hit)
The bolt of acid hits Joseph!
Joseph is lightly wounded.
Joseph shoots a sling bullet.
The sling bullet hits you!
Aiming: Corrosive Bolt
Press: ? - help, Shift-Dir - straight line, f/p - Joseph
Aim: Joseph, wielding a +0 sling and wearing a +0 leather armour (lightly wounded, unusually resistant, 71% to hit)
The bolt of acid hits Joseph.
Joseph is lightly wounded.
Joseph shoots a sling bullet.
The sling bullet misses you.
Aiming: Corrosive Bolt
Press: ? - help, Shift-Dir - straight line, f/p - Joseph
Aim: Joseph, wielding a +0 sling and wearing a +0 leather armour (lightly wounded, unusually resistant, 71% to hit)
The bolt of acid hits Joseph.
Joseph is moderately wounded.
Joseph shoots a sling bullet.
The sling bullet hits you!
* * * LOW HITPOINT WARNING * * *
You feel much better.
Joseph shoots a sling bullet.
The sling bullet misses you.
Joseph shoots a sling bullet.
The sling bullet completely misses you.
Things that are here:
a +0 whip; a gnoll corpse Joseph unwields a +0 sling.
Joseph wields a +2 quarterstaff of draining.
You sense an unholy aura.
Joseph barely misses you.
You slash Joseph! Your grab misses Joseph. Your squeeze misses Joseph.
Joseph is heavily wounded.
Joseph hits you with a +2 quarterstaff of draining!
You feel drained.
You closely miss Joseph. Your grab misses Joseph.
Joseph is heavily wounded.
Joseph hits you with a +2 quarterstaff of draining!
* * * LOW HITPOINT WARNING * * *
You feel drained.
You die...

.. ..##.#. #.
....... .
#.##.......
.. ..........
.. .........
.. #........
#. #........
#..##)......(
#...@##.#....
#...@..## ...
#.........# .
#...........
............#
#.........#.#
#.........###
##........#


You could see Joseph (resistant).

Vanquished Creatures
  A water moccasin (D:5)
  A bullfrog (D:6)
  3 hounds
  3 jellies
  An iguana (D:6)
  4 orc wizards
  A gnoll (D:7)
  An adder (D:5)
  A white imp (D:5)
  An ufetubus (D:5)
  9 orcs
  2 ball pythons
  An endoplasm (D:4)
  2 goblins (D:3)
  2 hobgoblins (D:4)
  4 kobolds (D:4)
  A quokka (D:4)
  A frilled lizard (D:3)
  2 rats (D:3)
41 creatures vanquished.

Notes
Turn   | Place    | Note
-------+----------+-------------------------------------------
     0 | D:5      | Chiseanne the Octopode Delver began the quest for the Orb.
     0 | D:5      | Reached XP level 1. HP: 16/16 MP: 1/1
    10 | D:5      | Noticed a water moccasin
    12 | D:5      | Identified the +7 hand axe of Pestilence {elec, rC+ Int+2
                  | Dex+2}
    32 | D:5      | Killed a water moccasin
    33 | D:5      | Reached skill level 7 in Stealth
    33 | D:5      | Reached XP level 2. HP: 5/22 MP: 2/2
    33 | D:5      | Reached XP level 3. HP: 6/27 MP: 3/3
    33 | D:5      | Reached XP level 4. HP: 8/33 MP: 4/4
   157 | D:5      | Reached XP level 5. HP: 28/37 MP: 5/5
   695 | D:4      | Reached skill level 8 in Stealth
   695 | D:4      | Reached XP level 6. HP: 5/44 MP: 6/6
  1191 | D:6      | Reached skill level 5 in Fighting
  1191 | D:6      | Reached XP level 7. HP: 36/50 MP: 7/7
  1366 | D:6      | Reached skill level 9 in Stealth
  1487 | D:7      | Noticed Joseph
  1500 | D:7      | Slain by Joseph

Illustrated notes

Levels and vault maps discovered:
D:3:      layout_basic, uniq_ijyb
D:4:      layout_rooms, minitemple, minmay_fractal_squares_diagonal_5,
          uniq_natasha
D:5:      layout_cave_pools, serial_shops, shop, uniq_sigmund
D:6:      layout_loops_ring, nicolae_ru_path_of_blood, serial_co_window_serial,
          co_window_corner_a, co_window_corner_a, co_window_corner_a,
          co_window_of_opportunity_a, co_window_paths_b, co_window_corner_a,
          co_window_paths_c, co_window_broadway_b, co_window_of_opportunity_b,
          co_window_paths_c, glass_columns_c, glass_columns_a, glass_columns_a,
          glass_columns_a, glass_columns_a, uniq_prince_ribbit1
D:7:      layout_cave_pools, minmay_temple_entry_slanted, enter_bailey_5,
          uniq_joseph

Skill      XL: |  1  2  3  4  5  6  7 |
---------------+----------------------+-----
Dodging        | 3 4 |  4.7
Stealth        | 7 8 9 |  9.1
Fighting       | 4 5 |  5.2
Short Blades   | |  2.0

Action                     |  1- 3 |  4- 6 |  7- 9 || total
---------------------------+-------+-------+-------++-------
  Melee: Short sword       |     9 |    34 |       ||    43
         Constrict         |     2 |    13 |     2 ||    17
         Tentacles         |     1 |    13 |     5 ||    19
         Hand axe          |       |    24 |    20 ||    44
  Throw: Dart              |       |     9 |       ||     9
  Evoke: Wand              |       |       |     3 ||     3
    Use: Potion            |     1 |     2 |     2 ||     5
         Scroll            |       |     5 |     2 ||     7
   Stab: Sleeping          |       |     8 |     3 ||    11
 Armour: Skin              |       |     1 |       ||     1
  Dodge: Dodged            |     5 |    29 |    19 ||    53
